 Dungeon Sprint DCSS version 0.31-a0-246-g8cbcc1cb85 (webtiles) character file.

Game seed: 15241185782037914082

1101 dialectric the Imperceptible (level 8, -1/43 HPs)
             Began as a Spriggan Brigand on July 12, 2023.
             Slain by a deep troll (14 damage)
             ... in the Dungeon (Sprint I: "Red Sonja").
             The game lasted 00:01:09 (193 turns).

dialectric the Imperceptible (Spriggan Brigand)      Turns: 193, Time: 00:01:10

Health: -1/43      AC:  3    Str:  7    XL:     8   Next: 10%
Magic:  9/9        EV: 19    Int: 12    God:
Gold:   566        SH:  0    Dex: 19    Spells: 7/7 levels left

rFire   . . .        a - +2 dagger
rCold   . . .        (no shield)
rNeg    . . .        b - +0 robe
rPois   .            (helmet restricted)
rElec   .            c - +0 cloak
rCorr   .            (gloves unavailable)
SInv    +            (boots unavailable)
Will    +....        (no amulet)
Stlth   +++++++++    (no ring)
HPRegen 0.27/turn    (no ring)
MPRegen 0.11/turn

%: no teleportation
@: very quick
A: very small, no large weapons, unfitting armour, see invisible, speed 3
a: no special abilities


You were in the Dungeon.
You visited 1 branch You collected 566 gold pieces.

Inventory:

Hand Weapons
 a - a +2 dagger (weapon)
 o - a +2 short sword of distortion
Missiles
 d - 15 poisoned darts
 e - 6 curare-tipped darts (quivered)
Armour
 b - a +0 robe (worn)
 c - a +0 cloak (worn)
Wands
 l - a wand of charming (5)
Scrolls
 k - a scroll of blinking
 m - a scroll of amnesia {unknown}
 n - a scroll of identify {unknown}
Potions
 f - 3 potions of curing
 g - a potion of heal wounds
 h - a potion of haste
 i - 2 potions of magic
 j - a potion of berserk rage


   Skills:
 + Level 5.0 Fighting
 + Level 6.0 Short Blades
 - Level 2.8 Throwing
 + Level 3.9 Dodging
 + Level 23.2 Stealth
 + Level 1.9 Evocations


You had 7 spell levels left.
You didn't know any spells.
Your spell library was empty.

Dungeon Overview and Level Annotations

Branches:
Dungeon (1/1)

Altars:
Cheibriados
Dithmenos
Elyvilon
Fedhas
Gozag
Hepliaklqana
Kikubaaqudgha
Makhleb
Nemelex Xobeh
Okawaru
Qazlal
Ru
Sif Muna
Trog
Uskayaw
Vehumet
Wu Jian
Xom
Yredelemnul
Zin
The Shining One
Jiyva
Lugonu

Shops:
D [


Innate Abilities, Weirdness & Mutations

You are very small and have problems with some larger weapons.
You are too small for most types of armour.
You have supernaturally acute eyesight. (SInv)
You cover ground extremely quickly. (Speed+++)


Message History

You skewer the slime creature like a kebab!!!
You kill the slime creature!
Your Fighting skill increases to level 5!
Your Short Blades skill increases to level 6!
Your Stealth skill increases to level 23!
There is an open door here.
There is a radiant altar of Vehumet here.
There is an open door here.
e - 2 curare-tipped darts (gained 1)
You now have 337 gold pieces (gained 27).
You now have 364 gold pieces (gained 27).
e - 6 curare-tipped darts (gained 4)
Things that are here:
a +2 short sword of distortion; the kobold corpse of Sonja
o - a +2 short sword of distortion
Found 54 gold pieces.
There is an open door here.
Found 54 gold pieces.
You now have 391 gold pieces (gained 27).
f - 2 potions of curing (gained 1)
You now have 418 gold pieces (gained 27).
You now have 445 gold pieces (gained 27).
You now have 472 gold pieces (gained 27).
You now have 485 gold pieces (gained 13).
d - 15 poisoned darts (gained 6)
You see here 5 stones.
You now have 512 gold pieces (gained 27).
You now have 539 gold pieces (gained 27).
You now have 566 gold pieces (gained 27).
f - 3 potions of curing (gained 1)
There is an open door here.
You see here the kobold corpse of Sonja.
You open the door.
A deep troll comes into view.
Found 108 gold pieces.
There is an open door here.
You see here 27 gold pieces.
The deep troll shouts!
The deep troll bites you! The deep troll claws you!
You die...

#..#####+#####'#__#
#..## #...#.####
#..#__####..##.#
#..#_____##'#_.+
#⌠⌠#_.∩..†'..._#
####_..__##_.#'#
#_____ ##'#.#
###### ##.####+###
+...'$@T$$+
#.†.####### ###.###
#.#'#.# #.....#
#...(.# #######


You could see a deep troll.

Vanquished Creatures
  Sonja (D)
  Sigmund (D)
  A yak (D)
  A slime creature (D)
  An ogre (D)
  A jelly (D)
  Ijyb (D)
  A ballistomycete spore (D)
8 creatures vanquished.

Vanquished Creatures (others)
  A ballistomycete spore (D)
1 creature vanquished.

Grand Total: 9 creatures vanquished

Notes
Turn   | Place    | Note
-------+----------+-------------------------------------------
     0 | D        | dialectric the Spriggan Brigand began the quest for the
                  | Orb.
     0 | D        | Reached XP level 1. HP: 10/10 MP: 2/2
     2 | D        | Noticed Ijyb
    10 | D        | Killed Ijyb
    11 | D        | Reached skill level 9 in Stealth
    11 | D        | Reached XP level 2. HP: 15/15 MP: 3/3
    21 | D        | Noticed an ogre
    23 | D        | Killed an ogre
    24 | D        | Reached skill level 13 in Stealth
    24 | D        | Reached XP level 3. HP: 19/19 MP: 4/4
    24 | D        | Reached XP level 4. HP: 23/23 MP: 5/5
    26 | D        | Noticed Sigmund
    28 | D        | Killed Sigmund
    29 | D        | Reached skill level 17 in Stealth
    29 | D        | Reached XP level 5. HP: 28/28 MP: 6/6
    29 | D        | Reached XP level 6. HP: 32/32 MP: 7/7
    40 | D        | Found a shimmering blue altar of Sif Muna.
    41 | D        | Found an ornate altar of the Wu Jian Council.
    42 | D        | Found a radiant altar of Vehumet.
    84 | D        | Found a burning altar of Makhleb.
    84 | D        | Found a shimmering altar of Xom.
    84 | D        | Noticed a slime creature
    85 | D        | Found a viscous altar of Jiyva.
    85 | D        | Found a corrupted altar of Lugonu.
   108 | D        | Found Koulit's Armour Emporium.
   108 | D        | Found an ancient bone altar of Kikubaaqudgha.
   108 | D        | Found a hazy altar of Hepliaklqana.
   108 | D        | Found a stormy altar of Qazlal.
   108 | D        | Found a hide-covered altar of Uskayaw.
   108 | D        | Found a blossoming altar of Fedhas.
   108 | D        | Found a bloodstained altar of Trog.
   108 | D        | Found an iron altar of Okawaru.
   108 | D        | Found a basalt altar of Yredelemnul.
   108 | D        | Found a glowing golden altar of the Shining One.
   108 | D        | Found a snail-covered altar of Cheibriados.
   108 | D        | Found a sacrificial altar of Ru.
   108 | D        | Found a glowing silver altar of Zin.
   108 | D        | Found a shadowy altar of Dithmenos.
   108 | D        | Found a white marble altar of Elyvilon.
   108 | D        | Noticed a yak
   109 | D        | Found an opulent altar of Gozag.
   110 | D        | Killed a yak
   111 | D        | Reached skill level 19 in Stealth
   111 | D        | Found a sparkling altar of Nemelex Xobeh.
   115 | D        | Noticed Sonja
   119 | D        | Killed Sonja
   120 | D        | Reached skill level 5 in Short Blades
   120 | D        | Reached skill level 22 in Stealth
   120 | D        | Reached skill level 1 in Evocations
   120 | D        | Reached XP level 7. HP: 38/38 MP: 8/8
   120 | D        | Reached XP level 8. HP: 42/42 MP: 9/9
   147 | D        | Killed a slime creature
   148 | D        | Reached skill level 5 in Fighting
   148 | D        | Reached skill level 23 in Stealth
   190 | D        | Noticed a deep troll
   193 | D        | Slain by a deep troll

Illustrated notes

Levels and vault maps discovered:
D:        dungeon_sprint_1 [red_sonja_temple_1, red_sonja_temple_small_1]

Skill      XL: |  1  2  3  4  5  6  7  8 |
---------------+-------------------------+-----
Fighting       | 2 3 4 5 |  5.0
Stealth        | 9 13 17 22 23 | 23.2
Short Blades   | 3 4 5 6 |  6.0
Dodging        | 2 3 |  3.9
Evocations     | 1 |  1.9
Throwing       | |  2.8

Action                     |  1- 3 |  4- 6 |  7- 9 || total
---------------------------+-------+-------+-------++-------
  Melee: Dagger            |     2 |     5 |     7 ||    14
  Throw: Dart              |     4 |     1 |     1 ||     6
  Evoke: Wand              |       |     1 |       ||     1
   Stab: Sleeping          |     2 |     4 |       ||     6
         Confused          |       |       |     1 ||     1
 Armour: Robe              |       |       |     1 ||     1
  Dodge: Dodged            |     3 |     1 |     1 ||     5

Table legend: (Time is in decaauts)
 A = Elapsed time spent in this place.
 B = Non-inter-level travel time spent in this place.
 C = Inter-level travel time spent in this place.
 D = Time resting spent in this place.
 E = Time spent auto-exploring this place.
 F = Levels seen in this place.
 G = Mean time per level.
                   A        B        C        D        E       F      G
               +--------+--------+--------+--------+--------+-----+--------+
         Total |    140 |    140 |      0 |      0 |      0 |   1 |  140.0 |
       Dungeon |    140 |    140 |      0 |      0 |      0 |   1 |  140.0 |
               +--------+--------+--------+--------+--------+-----+--------+

Top non-repeatable levels by time:
       D: 140 daAuts
